 Dungeon Crawl Stone Soup version 0.31-a0-37-g98a128e1d9 (webtiles) character file.

Game seed: 10684406661917689629

5048 pk666 the Thaumaturge (level 10, -11/50 HPs)
             Began as a Deep Elf Hedge Wizard on May 15, 2023.
             Was a Follower of Vehumet.
             Killed by the air
             ... invoked by Gastronok
              (18 damage)
             ... on level 9 of the Dungeon.
             The game lasted 00:41:27 (10132 turns).

pk666 the Thaumaturge (Deep Elf Hedge Wizard)      Turns: 10132, Time: 00:41:28

Health: -11/50     AC:  3    Str:  7    XL:     10   Next: 30%
Magic:  26/38      EV: 17    Int: 24    God:    Vehumet [*.....]
Gold:   442        SH:  0    Dex: 14    Spells: 23/35 levels left

rFire   . . .        z - +4 dagger
rCold   . . .        (no shield)
rNeg    . . .        E - +1 robe {Will+}
rPois   .            c - +0 hat
rElec   .            (no cloak)
rCorr   .            (no gloves)
SInv    .            (no boots)
Will    ++...        (no amulet)
Stlth   ++           i - ring of magical power
HPRegen 0.28/turn    f - +5 ring of evasion
MPRegen 0.26/turn

%: no passive effects
@: very slightly contaminated
A: no striking features
a: Renounce Religion


You were on level 9 of the Dungeon.
You worshipped Vehumet.
Vehumet was aware of your devotion.
You visited 2 branches of the dungeon, and saw 10 of its levels.
You also visited: Sewer and Ossuary.

You collected 442 gold pieces.

Inventory:

Hand Weapons
 z - a +4 dagger (weapon)
Armour
 c - a +0 hat (worn)
 E - a +1 robe of willpower (worn)
Magical Staves
 m - a staff of fire
Jewellery
 f - a +5 ring of evasion (right hand)
 i - a ring of magical power (left hand)
Wands
 p - a wand of roots (9)
 r - a wand of flame (29)
 D - a wand of charming (16)
Scrolls
 h - a scroll of acquirement {unknown}
 l - 3 scrolls of enchant weapon
 n - 4 scrolls of teleportation
 o - a scroll of identify
 q - a scroll of fog {unknown}
 s - 5 scrolls of blinking
 y - 2 scrolls of fear {unknown}
 A - 6 scrolls of amnesia
 B - 2 scrolls of enchant armour {unknown}
 C - a scroll of butterflies {unknown}
 H - a scroll of magic mapping {unknown}
Potions
 a - a potion of haste {unknown}
 d - 2 potions of magic
 e - 2 potions of resistance
 g - a potion of curing
 j - a potion of lignification {unknown}
 k - 3 potions of heal wounds
 t - a potion of mutation {unknown}
 u - 4 potions of cancellation
 v - a potion of invisibility {unknown}
 w - 2 potions of brilliance
 x - 2 potions of might


   Skills:
 - Level 2.4 Dodging
 - Level 2.4 Stealth
 + Level 13.2 Spellcasting
 + Level 10.7 Conjurations
 - Level 1.1 Summonings
 - Level 2.0 Translocations
 + Level 10.4 Fire Magic
 - Level 2.0 Air Magic
 - Level 2.0 Poison Magic


You had 23 spell levels left.
You knew the following spells:

 Your Spells              Type           Power      Damage    Failure   Level
a - Magic Dart            Conj           100%       1d8       1%          1
b - Blink                 Tloc           50%        N/A       2%          2
c - Mephitic Cloud        Conj/Pois/Air  39%        N/A       1%          3
d - Starburst             Conj/Fire      30%        6d9       8%          6

Your spell library contained the following spells:

 Spells                   Type           Power      Damage    Failure   Level
 Freeze                   Ice            60%        1d7       3%          1
 Dazzling Flash           Conj/Hex       82%        N/A       1%          3
 Ignite Poison            Fire/Tmut/Pois 35%        N/A       1%          3
 Volatile Blastmotes      Fire/Tloc      90%        2d17      1%          3
 Iskenderun's Mystic Bla  Conj/Tloc      46%        2d10      2%          4
 Slow                     Hex            60%        N/A       3%          1
 Call Imp                 Summ           42%        N/A       3%          2
 Cigotuvi's Dreadful Rot  Necr/Pois/Air  44%        N/A       3%          2
 Frozen Ramparts          Ice            30%        1d5       12%         3
 Freezing Cloud           Conj/Ice/Air   18%        6-21      19%         5
 Summon Ice Beast         Ice/Summ       18%        N/A       30%         4
 Ice Form                 Ice/Tmut       15%        N/A       36%         4


Dungeon Overview and Level Annotations

Branches:
Dungeon (9/15)             Temple (1/1) D:5            Lair (0/5) D:8
  Sewer (visited)         Ossuary (visited)
    Orc: D:9-12

Altars:
Ashenzari
Cheibriados
Dithmenos
Elyvilon
Fedhas
Gozag
Kikubaaqudgha
Makhleb
Nemelex Xobeh
Okawaru
Ru
Sif Muna
Trog
Uskayaw
Vehumet
Wu Jian
Yredelemnul
Zin
The Shining One

Annotations:
D:9 Gastronok


Message History

Gastronok puts on a burst of speed!
The yak is engulfed in noxious fumes. 2 yaks come into view.
The yak bellows!
The yak gores the yak.
The yak gores itself but does no damage.
The yak is engulfed in noxious fumes.
The yak appears confused.
Casting: Mephitic Cloud (safe; 1% risk of failure)
Confirm with . or Enter, or press ? or * to list all spells.
The spell is quite dangerous to miscast (8% risk of failure)!
Continue anyway?
Casting: Starburst (quite dangerous; 8% risk of failure)
Press: ? - help, Dir - look around, f - activate The bolt of fire hits the yak!!
The yak is heavily wounded.
The bolt of fire hits the yak!!
The yak is severely wounded.
The bolt of fire hits the yak!!!
You kill the yak!
Vehumet accepts your kill.
The bolt of fire hits Gastronok!!
Gastronok is moderately wounded.
The yak bellows!
You hear an angry hiss.
Gastronok waves his eye-stalks in wide circles.
The air twists around and strikes you!!
Ouch! That really hurt!
A yak comes into view.
Casting: Starburst (quite dangerous; 8% risk of failure)
Confirm with . or Enter, or press ? or * to list all spells.
The spell is quite dangerous to miscast (8% risk of failure)!
Continue anyway?
Casting: Starburst (quite dangerous; 8% risk of failure)
Press: ? - help, Dir - look around, f - activate You miscast Starburst.
You are very lightly contaminated with residual magic.
You are blasted with magical energy!
* * * LOW HITPOINT WARNING * * *
The yak gores the yak.
Gastronok gurgles.
Gastronok waves his eye-stalks in wide circles.
The air twists around and strikes you!!
You die...

###
#<#
#@#
#.#
#.#
#Y#
#.#
#Y#
#.#
#w#
#Y#


You could see Gastronok (swift) and 2 yaks.

Vanquished Creatures
  Eustachio (D:4)
  5 yaks
  4 water moccasins
  An orc warrior (D:8)
  2 ice beasts
  5 black bears
  2 ogres
  3 centaurs
  A phantom (D:6)
  7 kobold brigands
  4 bullfrogs
  2 scorpions
  A wight (D:8)
  A howler monkey (D:8)
  A human zombie (Ossuary)
  A centaur zombie (Ossuary)
  A jelly (D:7)
  2 orc priests
  3 hounds
  A gnoll bouda (D:5)
  4 iguanas
  2 sleepcaps
  5 orc wizards
  4 mummies (Ossuary)
  11 gnolls
  6 adders
  A shadow imp (D:7)
  2 white imps
  An ufetubus (D:6)
  4 worms
  A dart slug (D:4)
  23 orcs
  7 endoplasms
  7 giant cockroaches
  2 gnoll zombies (Ossuary)
  6 goblins
  8 hobgoblins
  4 jackals (D:1)
  9 ball pythons
  5 bats
  8 frilled lizards
  3 hobgoblin zombies (Ossuary)
  28 kobolds
  A kobold zombie (Ossuary)
  9 rats
209 creatures vanquished.

Vanquished Creatures (others)
  An orc (D:7)
1 creature vanquished.

Grand Total: 210 creatures vanquished

Notes
Turn   | Place    | Note
-------+----------+-------------------------------------------
     0 | D:1      | pk666 the Deep Elf Hedge Wizard began the quest for the
                  | Orb.
     0 | D:1      | Reached XP level 1. HP: 10/10 MP: 7/7
   294 | D:1      | Reached XP level 2. HP: 15/15 MP: 0/9
   518 | D:1      | Found a faded altar of an unknown god.
  1111 | D:1      | Reached skill level 5 in Spellcasting
  1143 | D:1      | Reached XP level 3. HP: 19/19 MP: 11/11
  1146 | D:1      | Learned a level 2 spell: Blink
  1150 | D:1      | Learned a level 3 spell: Mephitic Cloud
  2465 | D:3      | Reached skill level 1 in Fire Magic
  2477 | D:3      | Reached XP level 4. HP: 24/24 MP: 13/13
  2648 | D:3      | Found a basalt altar of Yredelemnul.
  2648 | D:3      | Found a burning altar of Makhleb.
  2801 | D:4      | Reached skill level 1 in Air Magic
  2874 | D:4      | Reached skill level 1 in Poison Magic
  3103 | D:4      | Found a glowing drain.
  3138 | D:4      | Reached XP level 5. HP: 27/28 MP: 14/14
  3157 | Sewer    | Entered a sewer
  3404 | Sewer    | Reached XP level 6. HP: 25/32 MP: 4/16
  3416 | Sewer    | Reached skill level 6 in Spellcasting
  4033 | D:4      | Reached XP level 7. HP: 36/36 MP: 19/19
  4094 | D:4      | Learned a level 6 spell: Starburst
  4254 | D:4      | Noticed Eustachio
  4269 | D:4      | Killed Eustachio
  4270 | D:4      | Reached skill level 7 in Spellcasting
  4737 | D:4      | Reached skill level 11 in Spellcasting
  4737 | D:4      | Reached XP level 8. HP: 41/41 MP: 25/25
  4779 | D:5      | Entered Level 5 of the Dungeon
  5336 | D:5      | Found a staircase to the Ecumenical Temple.
  5345 | Temple   | Entered the Ecumenical Temple
  5713 | D:5      | Found a hide-covered altar of Uskayaw.
  5890 | D:5      | Reached skill level 12 in Spellcasting
  6037 | D:5      | Reached XP level 9. HP: 45/45 MP: 27/27
  6782 | D:6      | Found a glowing silver altar of Zin.
  7116 | D:7      | Found a radiant altar of Vehumet.
  7165 | D:7      | Became a worshipper of Vehumet
  7256 | D:7      | Found a broken altar of Ashenzari.
  7439 | D:7      | Found a sand-covered staircase.
  7448 | Ossuary  | Entered an ossuary
  7736 | Ossuary  | Reached skill level 10 in Conjurations
  8215 | D:8      | Found a shadowy altar of Dithmenos.
  8377 | D:8      | Reached * piety under Vehumet
  8377 | D:8      | Offered knowledge of Freeze by Vehumet.
  8733 | D:8      | Reached skill level 10 in Fire Magic
  9161 | D:8      | Reached XP level 10. HP: 50/50 MP: 24/28
  9312 | D:8      | Reached skill level 13 in Spellcasting
  9800 | D:8      | Noticed a moth of wrath
  9803 | D:8      | Found a bloodstained altar of Trog.
  9937 | D:8      | Found a staircase to the Lair.
 10112 | D:9      | Noticed Gastronok
 10132 | D:9      | Killed from afar by Gastronok

Illustrated notes

Levels and vault maps discovered:
D:1:      dpeg_arrival_rooms_with_view, layout_basic,
          hellmonk_ecumenical_altar_dog_temple
D:2:      layout_basic, grunt_ministairs_9
D:3:      layout_rooms, gammafunk_temple_overflow_elements,
          minmay_fractal_squares_gapless_5
D:4:      layout_basic, gup_sewer_entry_glass, uniq_eustachio
D:5:      layout_cave_pools, amcnicky_altar_gilded, lemuel_temple_firewalk_a
D:6:      layout_basic, marbit_many_paths
D:7:      layout_loops_ring, mainiacjoe_overflow_concentric_impassable,
          nicolae_overflow_crystal_walls, nicolae_ossuary_entry_ruins
D:8:      layout_rooms, grunt_dithmenos_smoke, tgw_trog,
          due_lair_maze_entry_diamond
D:9:      layout_basic, regret_index_temple_of_mockery, enter_bailey_3,
          uniq_gastronok
Temple:   minmay_temple_curvy_loop

Skill      XL: |  1  2  3  4  5  6  7  8  9 10 |
---------------+-------------------------------+-----
Translocations | 2 |  2.0
Conjurations   | 2 3 4 9 10 | 10.7
Spellcasting   | 5 6 11 12 13 | 13.2
Fire Magic     | 1 2 3 8 9 10 | 10.4
Air Magic      | 1 2 |  2.0
Poison Magic   | 1 2 |  2.0
Dodging        | |  2.4
Stealth        | |  2.4
Summonings     | |  1.1

Action                     |  1- 3 |  4- 6 |  7- 9 | 10-12 || total
---------------------------+-------+-------+-------+-------++-------
  Melee: Dagger            |       |    16 |     7 |       ||    23
         Punch             |       |     1 |     1 |       ||     2
   Cast: Magic Dart        |   140 |   114 |   338 |    47 ||   639
         Mephitic Cloud    |       |    10 |    35 |     6 ||    51
         Blink             |       |     3 |     3 |     1 ||     7
         Starburst         |       |       |    25 |     9 ||    34
    Use: Scroll            |       |       |    15 |       ||    15
         Potion            |       |       |     8 |       ||     8
   Stab: Confused          |       |     1 |       |       ||     1
 Armour: Robe              |     6 |     6 |     9 |       ||    21
  Dodge: Dodged            |     9 |    32 |    93 |    15 ||   149

Table legend: (Time is in decaauts)
 A = Elapsed time spent in this place.
 B = Non-inter-level travel time spent in this place.
 C = Inter-level travel time spent in this place.
 D = Time resting spent in this place.
 E = Time spent auto-exploring this place.
 F = Levels seen in this place.
 G = Mean time per level.
                   A        B        C        D        E       F      G
               +--------+--------+--------+--------+--------+-----+--------+
         Total |  10192 |   9567 |    625 |   2371 |   5249 |  12 |  849.3 |
       Dungeon |   8744 |   8142 |    602 |   1866 |   4959 |   9 |  971.6 |
        Temple |    219 |    196 |     23 |      0 |    192 |   1 |  219.0 |
         Sewer |    861 |    861 |      0 |    396 |     98 |   1 |  861.0 |
       Ossuary |    366 |    366 |      0 |    109 |      0 |   1 |  366.0 |
               +--------+--------+--------+--------+--------+-----+--------+

Top non-repeatable levels by time:
     D:7: 1711 daAuts
     D:4: 1588 daAuts
     D:1: 1390 daAuts
     D:6: 957 daAuts
     D:8: 931 daAuts
   Sewer: 861 daAuts
     D:5: 831 daAuts
     D:2: 693 daAuts
     D:3: 613 daAuts
 Ossuary: 366 daAuts
  Temple: 219 daAuts
     D:9: 27 daAuts
